 Dungeon Crawl Stone Soup version 0.25.1-2-g60ff931df9 (webtiles) character file.

Game seed: 16612810657280734354

63 firefreeman the Poker (level 4, 0/34 HPs)
             Began as a Merfolk Gladiator on Oct 12, 2020.
             Slain by an adder (4 damage)
             ... on level 2 of the Dungeon on Oct 15, 2020.
             The game lasted 00:06:15 (989 turns).

firefreeman the Poker (Merfolk Gladiator)            Turns: 989, Time: 00:06:15

Health: 0/34       AC:  4    Str: 14    XL:     4   Next: 9%
Magic:  4/4        EV: 15    Int:  7    God:
Gold:   32         SH:  0    Dex: 16    Spells: 3/3 levels left

rFire    . . .     SeeInvis .   a - +0 trident
rCold    . . .     Gourm    .   (no shield)
rNeg     . . .     Faith    .   b - +0 leather armour
rPois    .         Spirit   .   c - +0 helmet
rElec    .         Reflect  .   (no cloak)
rCorr    .         Harm     .   (no gloves)
MR       .....                  (no boots)
Stlth    +.........             (no amulet)
HPRegen  0.11/turn              (no ring)
MPRegen  0.09/turn              (no ring)

@: lethally poisoned (0 -> -9)
A: change form in water, swift swim, stealthy swim
a: no special abilities


You were on level 2 of the Dungeon.
You were not hungry.

You visited 1 branch of the dungeon, and saw 2 of its levels.

You collected 32 gold pieces.

Inventory:

Hand Weapons
 a - a +0 trident (weapon)
Missiles
 d - 3 throwing nets (quivered)
Armour
 b - a +0 leather armour (worn)
 c - a +0 helmet (worn)
Jewellery
 i - an uncursed ring of protection from magic {unknown}
Scrolls
 h - a scroll of enchant weapon {unknown}
 j - a scroll of blinking {unknown}
 k - a scroll of magic mapping {unknown}
 l - a scroll of amnesia {unknown}
Potions
 e - a potion of brilliance {unknown}
 g - a potion of heal wounds {unknown}
 m - a potion of mutation {unknown}
Comestibles
 f - 2 rations


   Skills:
 + Level 2.4 Fighting
 + Level 5.6 Polearms
 + Level 2.1 Throwing
 + Level 0.3 Armour
 + Level 5.1 Dodging
 + Level 0.1 Stealth


You had 3 spell levels left.
You didn't know any spells.
Your spell library was empty.

Dungeon Overview and Level Annotations

Branches:
Dungeon (2/15)

Altars:


Message History

You feel sick. The frilled lizard misses you. The adder bites you.
You feel sick. The adder bites you.
You barely miss the adder.
The adder is severely wounded.
You hit the adder but do no damage.
You feel sick. The adder bites you.
* * * LOW HITPOINT WARNING * * *
The adder misses you. The adder bites you.
* * * LOW HITPOINT WARNING * * *
You are lethally poisoned!
The adder poisons you! The adder closely misses you.
You hit the adder.
The adder is almost dead.
* * * LOW HITPOINT WARNING * * *
You feel sick. The adder closely misses you.
The adder bites you but does no damage.
You miss the adder.
The adder is almost dead.
* * * LOW HITPOINT WARNING * * *
You feel sick. The adder barely misses you. The adder bites you.
You die...

.. ............. ........
...#.#..........<#.#####.
#..#.#...........#.#.....
.........................
##.#....[......#.#.#..###
..........#.####.........
...#.#.w#..........#..###
#.S#...########..###
#lS@................
#.##..#.#######.....
#.#...........##.###
..#....######.##.#
...#..#.# #...##.###
.#.#.##.####.#.......
#.#.#.........#.##.###
####..#####.##.#
.........# #.##.#


You could see a worm, 2 adders and a frilled lizard.

Vanquished Creatures
  Jessica (D:2)
  3 dart slugs (D:1)
  A leopard gecko (D:1)
  A ball python (D:1)
  5 bats (D:1)
  2 giant cockroaches (D:1)
  3 goblins (D:1)
  3 hobgoblins (D:1)
  2 jackals (D:1)
  4 frilled lizards (D:1)
  2 kobolds (D:1)
  3 rats
30 creatures vanquished.

Notes
Turn   | Place    | Note
-------+----------+-------------------------------------------
     0 | D:1      | firefreeman the Merfolk Gladiator began the quest for the
                  | Orb.
     0 | D:1      | Reached XP level 1. HP: 16/16 MP: 1/1
    87 | D:1      | Reached XP level 2. HP: 21/22 MP: 2/2
   324 | D:1      | Reached skill level 5 in Polearms
   436 | D:1      | Reached XP level 3. HP: 27/27 MP: 3/3
   534 | D:1      | Reached skill level 5 in Dodging
   969 | D:2      | Noticed Jessica
   980 | D:2      | Killed Jessica
   980 | D:2      | Reached XP level 4. HP: 20/34 MP: 4/4
   989 | D:2      | Slain by an adder

Illustrated notes

Levels and vault maps discovered:
D:1:      eino_arrival_cavern_b, layout_rooms
D:2:      layout_basic, marbit_many_paths, uniq_robin, uniq_natasha,
          uniq_jessica

Skill      XL: |  1  2  3 |
---------------+----------+-----
Polearms       | 5 |  5.6
Dodging        | 5 |  5.1
Fighting       | |  2.4
Throwing       | |  2.1
Armour         | |  0.3
Stealth        | |  0.1

Action                   |  1- 3 |  4- 6 || total
-------------------------+-------+-------++-------
Melee: Trident           |    99 |     6 ||   105
 Stab: Sleeping          |     1 |       ||     1
Armor: Leather armour    |    30 |     1 ||    31
Dodge: Dodged            |   110 |    14 ||   124
